 Dungeon Crawl Stone Soup version 0.18-a0-1800-gdc7a371 (webtiles) character file.

928243 Bzz the Conqueror (level 27, -4/242 (245) HPs)
             Began as a Minotaur Fighter on Apr 22, 2016.
             Was the Champion of Okawaru.
             Slain by an emperor scorpion (7 damage)
             ... summoned by a greater mummy
             ... on level 5 of the Iron City of Dis on Apr 24, 2016.
             The game lasted 06:20:00 (112649 turns).

Bzz the Conqueror (Minotaur Fighter)              Turns: 112649, Time: 06:20:01

HP:   -4/242 (245)  AC: 12    Str: 29 (30) XL:     27
MP:   15/37         EV: 24    Int: 22      God:    Okawaru [******]
Gold: 6691          SH: 21    Dex: 10      Spells: 8 memorised, 31 levels left

rFire  . . .     SeeInvis .     R - +9 broad axe (elec)
rCold  . . .     Gourm    .     (no armour)
rNeg   + + +     Faith    .     k - +0 shield of the Cuttlefish {MR++}
rPois  +         Spirit   .     (helmet unavailable)
rElec  +         Dismiss  .     w - +1 cloak {MR+}
rCorr  .         Reflect  +     K - +3 pair of gauntlets of War {Slay+5}
SustAt .         Harm     .     Z - +2 pair of boots of Hitusueq {rPois rC+ Int+9 Dex-3}
MR     +++++     Rnd*Rage +     d - +3 amulet of reflection
Stlth  +......... Rnd*Tele +    P - ring of Plog {Wiz rElec rC- Str+8}
                                H - ring "Giunnat" {rElec rN+++ EV+1 Str-3 Int+4}

@: exhausted, regenerating, slowed, studying Maces & Flails, repel missiles,
very slow, almost entirely resistant to hostile enchantments, very unstealthy
A: retaliatory headbutt, horns 3, berserk 2, blurry vision 2, deformed body,
deterioration 1, frail 1, low mp 1, poison resistance, screaming 2, teleportitis
1, weak 1, MP-powered wands
a: Heroism, Finesse, Renounce Religion
}: 5/15 runes: barnacled, slimy, silver, abyssal, gossamer


You were on level 5 of the Iron City of Dis.
You worshipped Okawaru.
Okawaru was exalted by your worship.
You were full.

You visited 15 branches of the dungeon, and saw 68 of its levels.
You visited the Abyss 2 times.
You visited 1 bazaar.
You visited 1 ziggurat, and saw 16 of its levels.
You also visited: Labyrinth and Volcano.

You collected 10881 gold pieces.
You spent 4190 gold pieces at shops.

Inventory:

Hand Weapons
 y - the +10 broad axe "Hydra's Foe" {flame, Str+2 Int+5}
   (Okawaru gifted it to you on level 15 of the Dungeon)

   It has been specially enchanted to burn those struck by it, causing extra
   injury to most foes and up to half again as much damage against particularly
   susceptible opponents.
   Big, fiery blades are also staple armaments of hydra-hunters.
   It affects your strength (+2).
   It affects your intelligence (+5).
 R - a +9 broad axe of electrocution (weapon)
 S - the +7 great mace "Firestarter" {inner flame, rF++}
   (You found it on level 1 of the Realm of Zot)

   It has been specially enchanted to burn those struck by it, causing extra
   injury to most foes and up to half again as much damage against particularly
   susceptible opponents.
   It greatly protects you from fire.
Armour
 e - a +12 gold dragon armour
 g - the +7 crystal plate armour "Cats" {MP+9 Int+9 Slay-5}
   (Okawaru gifted it to you on level 5 of the Iron City of Dis)

   It affects your intelligence (+9).
   It affects your accuracy and damage with ranged weapons and melee attacks
   (-5).
   It affects your magic capacity (+9).
 k - the +0 shield of the Cuttlefish (worn) {MR++}
   (Okawaru gifted it to you on level 1 of the Vaults)

   It affects your resistance to hostile enchantments.
 w - a +1 cloak of magic resistance (worn)
 K - the +3 pair of gauntlets of War (worn) {Slay+5}
   (You bought it in a shop on level 2 of the Orcish Mines)

   It affects your accuracy and damage with ranged weapons and melee attacks
   (+5).
 Z - the +2 pair of boots of Hitusueq (worn) {rPois rC+ Int+9 Dex-3}
   (You found it on level 5 of the Realm of Zot)

   It affects your intelligence (+9).
   It affects your dexterity (-3).
   It protects you from cold.
   It protects you from poison.
Rods
 c - a +8 rod of clouds (14/14)
   (You took it off a mummy priest on level 1 of the Tomb of the Ancients)
Jewellery
 d - a +3 amulet of reflection (around neck)
 E - the ring "Ytibb" {+Inv rF- Str+8 Stlth+}
   (You found it on level 8 of a ziggurat)

   [ring of stealth]

   It affects your strength (+8).
   It makes you vulnerable to fire.
   It lets you turn invisible.
   It makes you more stealthy.
 H - the ring "Giunnat" (left hand) {rElec rN+++ EV+1 Str-3 Int+4}
   (You bought it in a shop on level 3 of the Elven Halls)

   [ring of evasion]

   It affects your evasion (+1).
   It affects your strength (-3).
   It affects your intelligence (+4).
   It insulates you from electricity.
   It renders you almost immune to negative energy.
 P - the ring of Plog (right hand) {Wiz rElec rC- Str+8}
   (You found it on level 8 of the Lair of Beasts)

   [ring of wizardry]

   It improves your spell success rate.
   It affects your strength (+8).
   It makes you vulnerable to cold.
   It insulates you from electricity.
Wands
 u - a wand of disintegration (2/24)
 J - a wand of teleportation (1/9)
 Q - a wand of digging (3/24)
 V - a wand of heal wounds (6/9)
 X - a wand of hasting (1/9)
Scrolls
 a - 2 scrolls of blinking
 p - 7 scrolls of magic mapping
 q - 12 scrolls of identify
 s - 3 scrolls of fear
 v - 10 scrolls of fog
 x - 36 scrolls of remove curse
 A - 2 scrolls of amnesia
 G - 27 scrolls of teleportation
 O - 3 scrolls of holy word
Potions
 b - 2 potions of flight
 j - a potion of might
 r - 8 potions of curing
 t - 3 potions of brilliance
 B - a potion of invisibility
Books
 N - a manual of Maces & Flails
Miscellaneous
 m - the horn of Geryon
 o - a legendary deck of summoning {drawn: 2}
 F - a lamp of fire
 L - a stone of tremors
 M - 5 phantom mirrors
 Y - a legendary deck of wonders {Dowsing}
Comestibles
 f - 17 bread rations
 n - 17 meat rations


   Skills:
 O Level 27 Fighting
 O Level 27 Axes
 + Level 24.8 Armour
 + Level 24.4 Dodging
 + Level 25.2 Shields
 + Level 16.2 Spellcasting
 - Level 10.4 Summonings
 + Level 18.4 Necromancy
 + Level 8.2 Translocations
 - Level 4.0 Invocations


You had 31 spell levels left.
You knew the following spells:

 Your Spells              Type           Power        Failure   Level  Hunger
a - Regeneration          Chrm/Necr      ######....   1%          3    None
b - Apportation           Tloc           ######....   1%          1    None
c - Passwall              Trmt/Erth      ###.......   2%          2    None
d - Repel Missiles        Chrm/Air       ###...       2%          2    None
e - Necromutation         Trmt/Necr      ######....   99%         8    #######
f - Shroud of Golubria    Chrm/Tloc      #####.....   1%          2    None
g - Summon Lightning Spi  Summ/Air       #####...     1%          4    None
h - Summon Forest         Summ/Tloc      ######....   1%          5    ##.....


Dungeon Overview and Level Annotations

Branches:
Dungeon (15/15)            Temple (1/1) D:6            Lair (8/8) D:8
 Shoals (4/4) Lair:4       Spider (4/4) Lair:4        Slime (6/6) Lair:6
    Orc (2/2) D:11            Elf (3/3) Orc:2        Vaults (5/5) D:14
  Crypt (3/3) Vaults:2       Tomb (1/3) Crypt:3      Depths (5/5) D:15
   Hell (1/1)                 Dis (5/7) Hell            Geh (0/7) Hell
    Coc (0/7) Hell            Tar (0/7) Hell            Zot (5/5) Depths:5

Altars:
Ashenzari
Cheibriados
Dithmenos
Elyvilon
Fedhas
Gozag
Kikubaaqudgha
Makhleb
Nemelex Xobeh
Okawaru
Pakellas
Qazlal
Ru
Sif Muna
Trog
Vehumet
Xom
Yredelemnul
Zin
The Shining One
Jiyva

Shops:
Orc:1 %   Orc:2 *[%}   Elf:2 ?   Elf:3 =   Vaults:3 [   Vaults:5 [   Depths:2 %

Portals:
Hell: Depths:1 Depths:2 Depths:3 Depths:4 Depths:5
Abyss: Depths:2 Depths:3 Depths:4 Depths:5
Pandemonium: Depths:3 Depths:5
Trove: D:11 (give 11 potions of heal wounds)

Annotations:
D:10 3 runed doors


Innate Abilities, Weirdness & Mutations

You reflexively headbutt those who attack you in melee.
You have a pair of large horns on your head.
You often lose your temper in combat.
Scrolls take you longer to read.
Armour fits poorly on your strangely shaped body.
Your body sometimes deteriorates upon taking damage.
You are frail (-10% HP).
Your magical capacity is low (-10% MP).
Your system is resistant to poisons.
You sometimes yell uncontrollably at your foes.
You are occasionally teleported next to monsters.
You are weak. (Str -2)
You expend magic power (3 MP) to strengthen your wands.


Message History

You slash the emperor scorpion!
The emperor scorpion is heavily wounded.
You hit the emperor scorpion but do no damage.
You chop the emperor scorpion into pieces!!!
There is a sudden explosion of sparks!
The emperor scorpion is severely wounded.
You slice the emperor scorpion!!
The emperor scorpion is almost dead.
You slice the emperor scorpion!!
The emperor scorpion is lightly wounded.
You are no longer berserk.
You are exhausted.
You feel as though you will be slow longer.
The emperor scorpion disappears in a puff of smoke! x3
The emperor scorpion closely misses you.
You block the emperor scorpion's attack. x2
The emperor scorpion stings you!!
* * * LOW HITPOINT WARNING * * *
The emperor scorpion claws you!
You die...

.............................)..#
####......)######################
...'.....))##8#
...#.......##.##### #
...#.......##.##..#.# #
...#.......##.###'#'#'#'#
...#.......#...'s........
...#.......'...s§.§.s8...
...#.......#...§@sMs.....
####.......##.###s#'#'#'#
...........##.# .#.# #
...........##.# ##.#
#############8# .# ###


You could see a greater mummy and 6 emperor scorpions.

Vanquished Creatures
  2 pandemonium lords
  the Royal Jelly (Slime:6)
  3 orbs of fire (Zot:5)
  Mennas (Depths:3)
  Mara (Crypt:1)
  7 ancient liches
  5 juggernauts
  9 greater mummies
  Boris (Vaults:3)
  Sojobo (Crypt:2)
  Saint Roka (Crypt:2)
  The ghost of donomii the Grand Gadgeteer, a legendary GrCK of Pakellas (Dis:5)
  Frederick (Crypt:1)
  7 Killer Klowns
  2 curse toes
  Geryon (Hell)
  Nikola (Vaults:2)
  18 golden dragons
  7 iron giants
  A Tzitzimitl (Dis:1)
  Arachne (Spider:4)
  10 bone dragons
  A Brimstone Fiend (Dis:1)
  15 liches
  2 electric golems (Zot:5)
  Jorgrun (Vaults:5)
  A hellephant (Abyss:4)
  14 tentacled monstrosities
  3 Hell Sentinels
  2 Ice Fiends (Dis:3)
  Rupert (D:14)
  25 Orb Guardians (Zot:5)
  Asterion (Spider:4)
  4 titans
  A deep elf blademaster (Elf:3)
  17 acid blobs
  The ghost of Murumi the Fencer, an adept FoFi of Elyvilon (Elf:3)
  2 Executioners
  15 tentacled starspawn
  2 eldritch tentacles
  A kraken (Shoals:1)
  5 ancient champions
  16 sphinxes
  Murray (Hell)
  17 storm dragons
  7 death cobs
  15 azure jellies
  7 tengu reavers
  5 revenants
  A daeva (Abyss:3)
  19 shadow dragons
  2 draconian monks
  Ilsuiw (Shoals:4)
  13 fire giants
  Wiglaf (Depths:2)
  5 iron dragons
  Roxanne (Spider:4)
  3 greater nagas
  4 draconian knights
  7 deep elf sorcerers
  2 cacodemons
  Donald (D:14)
  A balrug (Abyss:3)
  19 frost giants
  9 emperor scorpions
  7 draconian shifters
  2 curse skulls
  9 ghouls
  2 draconian scorchers
  18 vault wardens
  6 deep elf elementalists
  10 ghost moths
  5 orc warlords
  4 draconian zealots
  3 spriggan defenders
  7 draconian annihilators
  11 war gargoyles
  45 stone giants
  30 reapers
  24 very ugly things
  5 deep elf annihilators
  A corrupter (Abyss:3)
  5 draconian callers
  6 bennus
  13 vampire knights
  A stone giant (shapeshifter) (Zig:6)
  12 green draconians
  19 ironheart preservers
  The ghost of ZeroCool the Unseen, a journeyman KoBe of Trog (Lair:7)
  5 black draconians
  8 spark wasps
  The ghost of Proton the Basher, a journeyman GrFi of Ru (D:15)
  7 mottled draconians
  5 deep elf demonologists
  6 salamander stormcallers
  A chaos champion (Zig:6)
  6 dire elephants (Abyss:4)
  7 yellow draconians
  9 white draconians
  7 purple draconians
  12 red draconians
  22 ettins
  4 merfolk javelineers (Shoals:4)
  4 green deaths
  12 mummy priests
  9 deep elf death magi
  5 eidola
  7 jiangshi
  A minotaur (Lab)
  7 merfolk impalers
  31 vault guards
  A quicksilver dragon zombie (Dis:3)
  A blizzard demon (Hell)
  2 death oozes (Slime:6)
  A crystal guardian (Vaults:3)
  20 fire dragons
  Josephine (Lair:6)
  8 ogre magi
  Fannar (D:10)
  5 hydras
  7 deep elf high priests
  19 yaktaur captains
  22 great orbs of eyes
  A ghost crab (Abyss:3)
  2 hell beasts
  12 entropy weavers
  A monstrous demonspawn (Depths:3)
  2 spriggan air magi
  An alligator snapping turtle (Shoals:2)
  4 merfolk avatars
  8 rakshasas
  56 large abominations
  12 centaur warriors
  25 ice dragons
  Erolcha (Orc:1)
  Erica (D:9)
  7 naga warriors
  2 catoblepae
  30 dancing weapons
  2 anacondas (Zig:12)
  3 death knights
  6 deep troll shamans
  2 satyrs (Shoals:4)
  20 death yaks
  23 hell hogs
  8 vampire magi
  A tengu warrior (Depths:1)
  4 merfolk aquamancers (Shoals:4)
  6 titan zombies
  12 deep troll earth magi
  2 naga sharpshooters (Zig:12)
  A hell hog (shapeshifter) (Depths:3)
  4 spriggan berserkers
  An iron giant zombie (Zig:16)
  3 spriggans (Depths:3)
  2 shock serpents (shapeshifter)
  41 small abominations
  14 sun demons
  7 orc high priests
  A shock serpent (Zig:12)
  36 thrashing horrors
  21 hell knights
  8 soul eaters
  26 deep elf knights
  A titan skeleton (Dis:4)
  15 wretched stars
  3 iron golems
  3 salamander mystics
  2 fire crabs
  7 storm dragon zombies
  65 skeletal warriors
  16 spatial maelstroms
  5 wizards
  2 fire crabs (shapeshifter)
  An iron troll (Zig:15)
  3 golden dragon zombies (Dis:2)
  A death drake (shapeshifter) (Vaults:5)
  3 anaconda zombies (Hell)
  2 ghost moth zombies
  A death drake (Zig:7)
  A cherub (Abyss:1)
  9 shadow wraiths
  2 storm dragon skeletons
  32 deep trolls
  A death scarab (Tomb:1)
  22 flayed ghosts
  4 unseen horrors
  A quicksilver dragon simulacrum (Abyss:4)
  2 gelid demonspawn (Abyss:3)
  A shadow demon (Dis:1)
  An infernal demonspawn (Abyss:3)
  An unseen horror (shapeshifter) (Vaults:1)
  25 phantasmal warriors
  8 sea snakes
  An orange crystal statue (D:10)
  27 orc knights
  10 giant orange brains
  16 necromancers
  An obsidian statue (Vaults:1)
  21 harpies
  7 hill giants
  2 tengu zombies (Zig:16)
  A lindwurm (Lair:8)
  17 ironbrand convokers
  13 deep elf archers
  3 naga ritualists (Zig:12)
  A mana viper (shapeshifter) (Elf:1)
  3 anubis guards (Tomb:1)
  6 iron dragon zombies
  A golden dragon skeleton (Abyss:3)
  4 wolf spider zombies
  34 wolf spiders
  11 orc sorcerers
  6 shadow dragon zombies
  3 fire giant zombies
  2 mana vipers
  12 fauns
  14 orb spiders
  20 griffons
  The ghost of Vitoldo the Slasher, a novice HEFi (D:5)
  5 cyclopes
  A stone giant zombie (Dis:4)
  10 hornets
  12 manticores
  54 ugly things
  2 anaconda skeletons
  65 deep elf magi
  3 frost giant zombies
  4 worldbinders
  32 elephants
  6 shining eyes
  A cyclops (shapeshifter) (Abyss:2)
  An iron dragon skeleton (Crypt:1)
  4 sixfirhies
  3 apocalypse crabs (Abyss:3)
  A salamander (shapeshifter) (Abyss:3)
  34 moths of wrath
  41 rust devils
  5 salamanders
  15 black mambas
  2 eyes of devastation
  Psyche (D:11)
  25 smoke demons
  13 vault sentinels
  4 water nymphs
  An ice statue (Lair:8)
  A dire elephant zombie (Dis:1)
  4 guardian serpents
  9 orange demons
  12 sirens
  6 gargoyles
  2 storm dragon simulacra
  2 torpor snails (Lair:8)
  3 naga magi (Zig:12)
  2 spiny frogs (shapeshifter)
  A guardian serpent (shapeshifter) (Elf:1)
  A molten gargoyle (Volcano)
  7 hellions
  A dire elephant skeleton (Crypt:1)
  25 tormentors
  2 catoblepas zombies
  18 spiny frogs
  An emperor scorpion zombie (Crypt:1)
  4 rime drakes
  18 freezing wraiths
  A sea snake zombie (Crypt:1)
  8 efreet
  A komodo dragon (shapeshifter) (Vaults:2)
  9 komodo dragons
  A yaktaur (shapeshifter) (Depths:2)
  13 hellwings
  15 demonic crawlers
  5 kobold demonologists
  A golden dragon simulacrum (Depths:3)
  49 yaktaurs
  2 catoblepas skeletons (Crypt:3)
  2 harpy zombies
  8 ice devils
  19 red devils
  10 polar bears
  21 ancient zymes
  10 guardian mummies
  2 hydra zombies
  A jumping spider (shapeshifter) (Abyss:5)
  38 merfolk
  15 trolls
  A troll (shapeshifter) (Vaults:4)
  A two-headed ogre (shapeshifter) (Vaults:3)
  32 jumping spiders
  3 wind drakes
  2 harpy skeletons
  A polar bear (shapeshifter) (Abyss:2)
  A shadow dragon simulacrum (Abyss:3)
  A minotaur skeleton (Crypt:1)
  A wolf spider simulacrum (Abyss:3)
  A giant leech (Lair:8)
  7 two-headed ogres
  A moth of wrath zombie (Crypt:2)
  51 raiju
  13 blink frogs
  54 slime creatures
  11 boulder beetles
  6 ice dragon zombies
  2 hydra skeletons
  2 fire dragon zombies
  A snapping turtle (shapeshifter) (Vaults:5)
  2 raiju (shapeshifter)
  3 ettin zombies
  3 snapping turtles (Shoals:2)
  2 bog bodies
  2 ushabtiu
  3 alligator zombies
  78 redbacks
  A fire giant simulacrum (Vaults:3)
  2 fire dragon skeletons
  46 flying skulls
  An ice dragon skeleton (Crypt:3)
  51 starcursed masses
  A redback (shapeshifter) (Vaults:5)
  Sigmund (D:7)
  7 air elementals
  17 ynoxinuls
  13 shadows
  26 tarantellas
  15 water elementals
  4 vampires
  A fire bat (shapeshifter) (D:12)
  26 wraiths
  6 wyverns
  12 fire elementals
  16 humans (D:14)
  5 basilisks
  78 yaks
  5 golden eyes
  16 hippogriffs
  A black mamba skeleton (Dis:4)
  2 golden eyes (shapeshifter)
  4 hungry ghosts
  18 neqoxecs
  A yaktaur simulacrum (Vaults:2)
  9 chaos spawn
  A hill giant zombie (Crypt:2)
  A steam dragon (D:8)
  5 fire bats
  10 vampire mosquitoes
  An elf simulacrum (Depths:3)
  2 mottled dragons (Vaults:2)
  3 insubstantial wisps (Abyss:3)
  Edmund (D:7)
  9 wargs
  4 nagas
  21 spatial vortices
  4 spiny frog zombies
  55 hell hounds
  2 giant eyeballs
  28 water moccasins
  11 porcupines
  4 sky beasts
  5 phantoms
  2 spiny frog skeletons
  10 ice beasts
  51 orc warriors
  15 black bears
  3 wasps (Depths:3)
  6 eyes of draining
  3 necrophages
  2 snapping turtle zombies
  An ice beast (shapeshifter) (Abyss:3)
  3 swamp dragon zombies
  An alligator simulacrum (Hell)
  An ettin simulacrum (Vaults:2)
  33 ogres
  A blink frog skeleton (Crypt:2)
  An ogre (shapeshifter) (Depths:4)
  A snapping turtle skeleton (Crypt:3)
  8 boggarts
  A boggart (shapeshifter) (Depths:3)
  21 centaurs
  11 wolves (Lair:8)
  2 manticore skeletons
  18 crocodiles
  3 big kobolds
  3 elf zombies (Elf:1)
  29 giant frogs
  A fire crab zombie (Crypt:1)
  2 octopode zombies
  2 earth elementals
  2 spiny frog simulacra (Hell)
  A wyvern zombie (D:14)
  A yaktaur skeleton (Crypt:2)
  A water moccasin zombie (D:9)
  4 scorpions
  18 killer bees
  An orc simulacrum (Vaults:1)
  53 wights
  A boulder beetle zombie (Crypt:1)
  2 howler monkeys
  3 electric eels
  8 crimson imps
  A giant frog zombie (D:6)
  3 centaur zombies
  17 hounds
  6 quasits
  A demonspawn zombie (Crypt:2)
  A hound (shapeshifter) (Vaults:3)
  25 jellies
  A human zombie (Dis:5)
  26 orc priests
  4 giant frog skeletons
  53 orc wizards
  4 centaur skeletons
  32 iron imps
  Ijyb (D:2)
  Jessica (D:2)
  A gnoll shaman (D:5)
  18 iguanas
  14 hell rats
  14 worker ants
  A killer bee zombie (D:9)
  26 sheep
  3 ogre zombies (Dis:3)
  A tengu skeleton (Crypt:1)
  A hound zombie (D:5)
  28 mummies
  15 gnolls
  11 adders
  82 river rats
  8 shadow imps
  4 white imps
  3 ufetubi
  An ooze (D:5)
  A sheep zombie (Crypt:2)
  An adder skeleton (D:9)
  2 adder zombies (D:6)
  3 worms
  2 dart slugs
  A giant gecko (D:5)
  100 orcs
  2 bat zombies (D:9)
  11 giant cockroaches
  10 goblins
  7 hobgoblins
  22 jackals
  9 quokkas
  7 bats
  5 giant newts
  17 kobolds
  6 rats
  A rat zombie (D:9)
  14 crawling corpses
  5 fungi
  A lost soul (Crypt:3)
  A lurking horror (Abyss:3)
  15 plants
  15 starspawn tentacles
  3 tentacles (Shoals:1)
  2 withered plants (Crypt:3)
4291 creatures vanquished.

Vanquished Creatures (collateral kills)
  A ghost moth (Spider:4)
  A wolf spider (Spider:4)
  2 redbacks (Spider:4)
4 creatures vanquished.

Vanquished Creatures (others)
  A deep elf blademaster (Elf:3)
  2 deep elf master archers (Elf:3)
  A deep elf elementalist (Elf:3)
  2 stone giants
  A draconian caller (Zig:9)
  A purple draconian (Zig:9)
  A spark wasp (Depths:3)
  A deep elf death mage (Zig:14)
  An ettin (Vaults:5)
  A merfolk impaler (Shoals:4)
  A yaktaur captain (Vaults:5)
  A rakshasa (Depths:1)
  A centaur warrior (Depths:2)
  2 satyrs (Shoals:3)
  A naga sharpshooter (Zig:12)
  2 deep elf knights
  3 deep elf archers
  A deep elf mage (Elf:3)
  A necromancer (Depths:3)
  A faun (Shoals:3)
  A cyclops (Shoals:3)
  A moth of wrath (Zot:5)
  A spiny frog (Lair:8)
  4 yaktaurs
  2 raiju
  2 small abominations (Abyss:3)
  A hell hound (Dis:3)
  An eye of draining (Abyss:3)
  A swamp drake (Zig:7)
  6 centaurs
  An ogre (Orc:2)
  2 orc wizards (Orc:2)
  A hell rat (Hell)
  3 orcs
  28 eldritch tentacle segments
  21 fungi
  8 lost souls
  2 lurking horrors
  25 plants
  17 starspawn tentacles
  144 starspawn tentacle segments
  5 tentacles (Shoals:1)
  77 tentacle segments (Shoals:1)
  20 withered plants (Crypt:3)
400 creatures vanquished.

Grand Total: 4695 creatures vanquished

Notes
Turn   | Place    | Note
--------------------------------------------------------------
     0 | D:1      | Bzz the Minotaur Fighter began the quest for the Orb.
     0 | D:1      | Reached XP level 1. HP: 19/19 MP: 0/0
   191 | D:1      | Reached XP level 2. HP: 27/27 MP: 1/1
   635 | D:1      | Reached XP level 3. HP: 33/33 MP: 3/3
  1244 | D:2      | Noticed Ijyb
  1263 | D:2      | Killed Ijyb
  1263 | D:2      | Reached XP level 4. HP: 38/41 MP: 4/4
  1307 | D:2      | Noticed Jessica
  1312 | D:2      | Killed Jessica
  1470 | D:2      | Reached skill level 1 in Spellcasting
  1678 | D:2      | Learned a level 3 spell: Regeneration
  1809 | D:3      | Found a faded altar to an unknown god.
  1862 | D:3      | Reached skill level 1 in Dodging
  1862 | D:3      | Reached XP level 5. HP: 34/47 MP: 5/5
  2423 | D:3      | Reached skill level 5 in Fighting
  3539 | D:4      | Reached XP level 6. HP: 48/56 MP: 5/7
  3732 | D:5      | Entered Level 5 of the Dungeon
  3850 | D:5      | You fall through a shaft for 3 floors!
  3850 | D:8      | Found a deep blue altar of Sif Muna.
  3877 | D:9      | Reached skill level 1 in Necromancy
  3949 | D:9      | Noticed an ice beast
  3952 | D:9      | Noticed a hungry ghost
  3960 | D:9      | Killed an ice beast
  3960 | D:9      | Reached XP level 7. HP: 46/63 MP: 8/8
  3970 | D:9      | Killed a hungry ghost
  3970 | D:9      | Reached skill level 5 in Axes
  3970 | D:9      | Reached skill level 5 in Armour
  4077 | D:9      | Noticed a wyvern
  4089 | D:9      | Killed a wyvern
  4431 | D:8      | Reached XP level 8. HP: 71/71 MP: 10/10
  4454 | D:8      | Reached skill level 5 in Shields
  4483 | D:8      | Noticed an air elemental
  4485 | D:8      | Found a stormy altar of Qazlal.
  4849 | D:8      | Found a staircase to the Lair.
  4861 | D:8      | Reached XP level 9. HP: 68/80 MP: 10/12
  5238 | D:5      | Noticed Vitoldo's ghost (novice HEFi)
  5256 | D:5      | Killed Vitoldo's ghost
  5504 | D:5      | Found a shattered altar of Ashenzari.
  5529 | D:5      | Found a bloodstained altar of Trog.
  5805 | D:5      | Found a burning altar of Makhleb.
  6555 | D:6      | Found a staircase to the Ecumenical Temple.
  6569 | Temple   | Entered the Ecumenical Temple
  6743 | Temple   | Became a worshipper of Warmaster Okawaru
  7393 | D:7      | Found an opulent altar of Gozag.
  7455 | D:7      | Reached XP level 10. HP: 72/91 MP: 13/13
  7666 | D:7      | Found a basalt altar of Yredelemnul.
  7858 | D:7      | Found an oddly glowing altar of Pakellas.
  7934 | D:7      | Noticed Edmund
  7946 | D:7      | Killed Edmund
  7946 | D:7      | Reached skill level 5 in Dodging
  7952 | D:7      | Noticed Sigmund
  7970 | D:7      | Killed Sigmund
  7970 | D:7      | Reached * piety under Okawaru
  8450 | D:8      | Found a blossoming altar of Fedhas.
  8858 | D:8      | Reached ** piety under Okawaru
  9255 | D:9      | Found a shadowy altar of Dithmenos.
  9466 | D:9      | Noticed Erica
  9479 | D:9      | Killed Erica
  9479 | D:9      | Reached *** piety under Okawaru
  9479 | D:9      | Reached skill level 10 in Fighting
 10014 | D:9      | Found an ancient bone altar of Kikubaaqudgha.
 10228 | D:9      | Reached XP level 11. HP: 77/101 MP: 15/15
 10555 | D:9      | Found an oddly glowing altar of Pakellas.
 10555 | D:9      | Noticed a red ugly thing
 11036 | D:10     | Entered Level 10 of the Dungeon
 11142 | D:10     | Reached **** piety under Okawaru
 11142 | D:10     | Reached skill level 10 in Axes
 11149 | D:10     | Noticed Fannar
 11162 | D:10     | Killed Fannar
 11888 | D:10     | Reached ***** piety under Okawaru
 11904 | D:10     | Found a runed door.
 12280 | D:10     | Noticed an orange crystal statue
 12286 | D:10     | Found a runed door.
 12286 | D:10     | Found a runed door.
 12293 | D:10     | Killed an orange crystal statue
 12294 | D:10     | Found a runed door.
 13042 | Lair:1   | Entered Level 1 of the Lair of Beasts
 13678 | Lair:1   | Received a gift from Okawaru
 14233 | Lair:2   | Reached XP level 12. HP: 81/110 MP: 17/17
 16464 | Lair:2   | Received a gift from Okawaru
 16464 | Lair:2   | Reached skill level 5 in Necromancy
 17411 | Lair:3   | Found a labyrinth entrance.
 17433 | Lab      | Entered a labyrinth
 18052 | Lab      | Noticed a minotaur
 18064 | Lab      | Killed a minotaur
 18388 | Lair:3   | Learned a level 1 spell: Apportation
 18409 | Lair:3   | Reached skill level 5 in Spellcasting
 19884 | Lair:4   | Found a hole to the Spider Nest.
 20189 | Lair:4   | Found a radiant altar of Vehumet.
 20237 | Lair:4   | Noticed a catoblepas
 20262 | Lair:4   | Killed a catoblepas
 20262 | Lair:4   | Reached XP level 13. HP: 91/122 MP: 19/19
 20438 | Lair:4   | Received a gift from Okawaru
 21339 | Lair:4   | Found a staircase to the Shoals.
 21640 | Lair:4   | Reached skill level 10 in Shields
 21992 | Lair:5   | Reached skill level 10 in Armour
 22087 | Lair:5   | Found a dark tunnel.
 22098 | Volcano  | Entered a volcano
 22650 | Lair:5   | Reached ****** piety under Okawaru
 23213 | Lair:5   | Received a gift from Okawaru
 23234 | Lair:5   | Got a pair of faintly glowing gloves {god gift}
 23245 | Lair:5   | Identified the +0 pair of gloves of Okawaru's Generosity {rF- Int+5} (Okawaru gifted it to you on level 5 of the Lair of Beasts)
 23772 | Lair:6   | Got a transparent granite ring
 23792 | Lair:6   | Identified the ring "Raocasi" {rElec rC- rN++ Int+2 SInv} (You found it on level 6 of the Lair of Beasts)
 23796 | Lair:6   | Noticed Josephine
 23815 | Lair:6   | Killed Josephine
 24149 | Lair:6   | Reached XP level 14. HP: 130/130 MP: 21/21
 24423 | Lair:6   | Found a viscous altar of Jiyva.
 24424 | Lair:6   | Found a staircase to the Slime Pits.
 25601 | Lair:7   | Noticed ZeroCool's ghost (journeyman KoBe)
 25621 | Lair:7   | Killed ZeroCool's ghost
 25621 | Lair:7   | Received a gift from Okawaru
 26604 | Lair:8   | Entered Level 8 of the Lair of Beasts
 27968 | Lair:8   | Received a gift from Okawaru
 28213 | Lair:8   | Reached skill level 15 in Fighting
 28258 | Lair:8   | Reached skill level 15 in Axes
 28407 | Lair:8   | Reached XP level 15. HP: 86/141 MP: 23/23
 29360 | Lair:8   | Reached skill level 10 in Dodging
 29428 | Lair:8   | Got an ancient lapis lazuli ring
 29429 | Lair:8   | Identified the ring of Plog {Wiz rElec rC- Str+8} (You found it on level 8 of the Lair of Beasts)
 29525 | Lair:8   | Received a gift from Okawaru
 30091 | D:11     | Noticed Psyche
 30097 | D:11     | Killed Psyche
 30598 | D:11     | Found a portal to a secret trove of treasure.
 30797 | D:11     | Found a staircase to the Orcish Mines.
 31450 | D:12     | Got a dazzling shield
 31461 | D:12     | Identified the +2 shield of the Orcish Mines {*Drain rElec rN+} (You found it on level 12 of the Dungeon)
 32701 | D:13     | Noticed a storm dragon
 32732 | D:13     | Killed a storm dragon
 32732 | D:13     | Received a gift from Okawaru
 32735 | D:13     | Got a dazzling demon blade {god gift}
 32740 | D:13     | Identified the +2 demon blade "Iffulaeck" {drain, rPois rF+ rC+ Int-4} (Okawaru gifted it to you on level 13 of the Dungeon)
 33135 | D:14     | Identified a scroll of acquirement
 33414 | D:14     | Noticed Donald
 33415 | D:14     | Noticed Rupert
 33430 | D:14     | Paralysed by Rupert for 2 turns
 33434 | D:14     | Killed Donald
 33439 | D:14     | Killed Rupert
 33445 | D:14     | Reached XP level 16. HP: 135/151 MP: 20/25
 33649 | D:14     | Found a gate to the Vaults.
 34145 | D:15     | Entered Level 15 of the Dungeon
 34145 | D:15     | Noticed Proton's ghost (journeyman GrFi)
 34156 | D:15     | Killed Proton's ghost
 34330 | D:15     | Found a bloodstained altar of Trog.
 34406 | D:15     | Found a staircase to the Depths.
 34441 | D:15     | Received a gift from Okawaru
 34444 | D:15     | Got a slimy broad axe {god gift}
 34551 | D:15     | Identified the +10 broad axe "Hydra's Foe" {flame, Str+2 Int+5} (Okawaru gifted it to you on level 15 of the Dungeon)
 35172 | Orc:1    | Entered Level 1 of the Orcish Mines
 35172 | Orc:1    | Noticed Erolcha
 35175 | Orc:1    | Killed Erolcha
 35189 | Orc:1    | Found Woururax's Food Boutique.
 35388 | Orc:2    | Entered Level 2 of the Orcish Mines
 35388 | Orc:2    | Found a staircase to the Elven Halls.
 36086 | Orc:2    | Found Izupnako's Gadget Shop.
 36086 | Orc:2    | Found Olosaore's Armour Boutique.
 36135 | Orc:2    | Found Iteep's Food Shop.
 36136 | Orc:2    | Found Joamad's Assorted Antiques.
 36195 | Orc:2    | Bought the +3 pair of gauntlets of War {Slay+5} for 712 gold pieces
 36208 | Orc:2    | Bought a scroll of identify for 78 gold pieces
 36208 | Orc:2    | Bought a scroll labeled OJOROYSM DAOFE for 39 gold pieces
 36910 | Spider:1 | Entered Level 1 of the Spider Nest
 36927 | Spider:1 | Received a gift from Okawaru
 36927 | Spider:1 | Reached skill level 1 in Invocations
 39015 | Spider:3 | Received a gift from Okawaru
 39056 | Spider:3 | Got a scorched rapier
 39057 | Spider:3 | Identified the +10 rapier of Cimnot {freeze, +Rage rN+ Stlth+} (You found it on level 3 of the Spider Nest)
 39397 | Spider:3 | Reached XP level 17. HP: 155/160 MP: 27/27
 39465 | Spider:3 | Received a gift from Okawaru
 39539 | Spider:4 | Entered Level 4 of the Spider Nest
 40122 | Spider:4 | Noticed Roxanne
 40134 | Spider:4 | Killed Roxanne
 40136 | Spider:4 | Identified Roxanne's Reference Book on the Mountains (You took it off Roxanne on level 4 of the Spider Nest)
 40508 | Spider:4 | Noticed Arachne
 40522 | Spider:4 | Killed Arachne
 41751 | Spider:4 | Noticed Asterion
 41770 | Spider:4 | Killed Asterion
 41774 | Spider:4 | Received a gift from Okawaru
 43292 | Spider:4 | Got a gossamer rune of Zot
 44016 | Shoals:1 | Entered Level 1 of the Shoals
 44388 | Shoals:1 | Noticed a kraken
 44413 | Shoals:1 | Killed a kraken
 44576 | Shoals:1 | Reached XP level 18. HP: 164/171 MP: 29/29
 45112 | Shoals:2 | Received a gift from Okawaru
 46868 | Shoals:3 | Received a gift from Okawaru
 46874 | Shoals:3 | Got a faintly glowing broad axe {god gift}
 46876 | Shoals:3 | Identified the +3 broad axe of the Traitor {antimagic, MR+} (Okawaru gifted it to you on level 3 of the Shoals)
 47321 | Shoals:4 | Entered Level 4 of the Shoals
 47346 | Shoals:4 | Identified the Papyrus of Excruciating Flight
 48137 | Shoals:4 | Noticed Ilsuiw
 48612 | Shoals:4 | Received a gift from Okawaru
 49177 | Shoals:4 | Killed Ilsuiw
 49192 | Shoals:4 | Got a barnacled rune of Zot
 50439 | Vaults:1 | Entered Level 1 of the Vaults
 50447 | Vaults:1 | Found a gateway to a bazaar.
 50462 | Bazaar   | Entered a bazaar
 50483 | Bazaar   | Found Nechidgho's Weapon Emporium.
 50484 | Bazaar   | Found Zyadear's Magic Scroll Emporium.
 50501 | Bazaar   | Found Xowas's Distillery.
 50502 | Bazaar   | Found Nocwitoy's Food Shoppe.
 50561 | Bazaar   | Bought a scroll of identify for 36 gold pieces
 50561 | Bazaar   | Bought a scroll of enchant armour for 135 gold pieces
 50561 | Bazaar   | Bought a scroll of enchant armour for 135 gold pieces
 50595 | Bazaar   | Bought a scroll of acquirement for 936 gold pieces
 50803 | Vaults:1 | Received a gift from Okawaru
 50806 | Vaults:1 | Got a scorched shield {god gift}
 50839 | Vaults:1 | Reached XP level 19. HP: 174/181 MP: 30/30
 50977 | Vaults:1 | Identified the +0 shield of the Cuttlefish {MR++} (Okawaru gifted it to you on level 1 of the Vaults)
 52178 | Vaults:2 | Noticed a lich
 52186 | Vaults:2 | Paralysed by a lich for 5 turns
 52193 | Vaults:2 | Killed a lich
 52407 | Vaults:2 | Received a gift from Okawaru
 52415 | Vaults:2 | Found a staircase to the Crypt.
 52694 | Vaults:2 | Noticed Nikola
 52709 | Vaults:2 | Killed Nikola
 53493 | Vaults:2 | Reached skill level 10 in Necromancy
 53546 | Vaults:2 | Received a gift from Okawaru
 53576 | Vaults:2 | Reached skill level 15 in Shields
 53812 | Vaults:3 | Found Kularoat's Armour Boutique.
 54482 | Vaults:3 | Reached XP level 20. HP: 101/192 MP: 32/32
 55094 | Vaults:3 | Noticed Boris
 55106 | Vaults:3 | Killed Boris
 55106 | Vaults:3 | Received a gift from Okawaru
 55115 | Vaults:3 | Got a steaming trident {god gift}
 55116 | Vaults:3 | Identified the +3 trident of Robruca {flame, rElec rC++ MP-9 Dex+2} (Okawaru gifted it to you on level 3 of the Vaults)
 55617 | Vaults:3 | Received a gift from Okawaru
 55920 | Vaults:3 | Reached skill level 15 in Armour
 56357 | Vaults:4 | Got a slimy spear
 57648 | Vaults:5 | Entered Level 5 of the Vaults
 57649 | Vaults:5 | Reached skill level 15 in Dodging
 57658 | Vaults:5 | Received a gift from Okawaru
 57666 | Vaults:5 | Reached XP level 21. HP: 187/202 MP: 27/33
 57676 | Vaults:5 | Received a gift from Okawaru
 57677 | Vaults:5 | Noticed Jorgrun
 57689 | Vaults:5 | Noticed a golden dragon
 57696 | Vaults:5 | Killed Jorgrun
 57705 | Vaults:5 | Killed a golden dragon
 57722 | Vaults:5 | Received a gift from Okawaru
 58534 | Vaults:5 | Reached skill level 10 in Spellcasting
 59204 | Vaults:5 | Got a scorched shield {god gift}
 59216 | Vaults:5 | Got a faintly glowing golden amulet
 59217 | Vaults:5 | Identified the amulet of Reimbursement {Faith MR+ Stlth+} (You found it on level 5 of the Vaults)
 59516 | Vaults:4 | Identified the +4 shield of the Cooper {Int+7} (Okawaru gifted it to you on level 5 of the Vaults)
 59698 | Vaults:5 | Found Plog's Antique Armour Shoppe.
 59704 | Vaults:5 | Received a gift from Okawaru
 59710 | Vaults:5 | Noticed a golden dragon
 59718 | Vaults:5 | Killed a golden dragon
 59718 | Vaults:5 | Reached XP level 22. HP: 90/213 MP: 35/35
 60170 | Vaults:5 | Identified the Tome of the Excruciating Glacier
 60196 | Vaults:5 | Identified Sif Muna's Papyrus of Stones and Flames (You found it on level 5 of the Vaults)
 60559 | Vaults:5 | Learned a level 2 spell: Passwall
 60624 | Vaults:5 | Got a shimmering platinum ring
 60760 | Vaults:5 | Got a silver rune of Zot
 61169 | Vaults:5 | Identified the ring "Pyzxab" {+Fly rElec rPois Dex+4} (You took it off an ironbrand convoker on level 5 of the Vaults)
 61175 | Vaults:5 | Identified the cursed +2 spear "Heqoqy" {pierce, rC++ SInv} (You found it on level 4 of the Vaults)
 61983 | Elf:1    | Entered Level 1 of the Elven Halls
 62643 | Elf:1    | Identified the Reference Book on Darkness
 62675 | Elf:1    | Identified the Collected Works on Ice and Transmutation
 62856 | Elf:2    | Found a radiant altar of Vehumet.
 62920 | Elf:2    | Found a runed gate.
 62920 | Elf:2    | Found a runed gate.
 62920 | Elf:2    | Found a runed gate.
 63006 | Elf:2    | Received a gift from Okawaru
 63568 | Elf:2    | Found Wehunkoe's Magic Scroll Shop.
 63572 | Elf:2    | Bought a scroll of identify for 32 gold pieces
 63572 | Elf:2    | Bought a scroll of acquirement for 832 gold pieces
 63572 | Elf:2    | Bought a scroll of enchant armour for 120 gold pieces
 63715 | Elf:3    | Entered Level 3 of the Elven Halls
 63744 | Elf:3    | Found Zootsyif's Jewellery Emporium.
 63747 | Elf:3    | Bought the ring "Giunnat" {rElec rN+++ EV+1 Str-3 Int+4} for 761 gold pieces
 63748 | Elf:3    | Noticed Murumi's ghost (adept FoFi)
 63751 | Elf:3    | Reached skill level 1 in Summonings
 63758 | Elf:3    | Killed Murumi's ghost
 64890 | Elf:3    | Received a gift from Okawaru
 64890 | Elf:3    | Reached XP level 23. HP: 184/223 MP: 36/36
 64910 | Elf:3    | Got a transparent hat {god gift}
 64920 | Elf:3    | Identified the +1 hat "Extiop" {Str+7 Slay-4} (Okawaru gifted it to you on level 3 of the Elven Halls)
 64975 | Elf:3    | Gained mutation: You are dopey. (Int -2) [a cacodemon]
 65408 | Elf:3    | Got a warped jade ring
 65411 | Elf:3    | Identified the ring of the Peculiar Spirits {Str+5 Stlth+} (You found it on level 3 of the Elven Halls)
 65416 | Elf:3    | Got a scintillating golden ring
 65421 | Elf:3    | Identified the ring "Moduet" {rCorr MP-9 Dex+4} (You found it on level 3 of the Elven Halls)
 65840 | Lair:1   | Learned a level 2 spell: Repel Missiles
 66122 | Crypt:1  | Entered Level 1 of the Crypt
 66192 | Crypt:1  | Found an ancient bone altar of Kikubaaqudgha.
 66213 | Crypt:1  | Noticed Frederick
 66217 | Crypt:1  | Noticed Mara
 66221 | Crypt:1  | Noticed Bzz's illusion
 66222 | Crypt:1  | Killed Frederick
 66232 | Crypt:1  | Killed Mara
 66926 | Crypt:2  | Noticed Saint Roka
 66934 | Crypt:2  | Killed Saint Roka
 67329 | Crypt:2  | Received a gift from Okawaru
 67347 | Crypt:2  | Noticed Sojobo
 67360 | Crypt:2  | Killed Sojobo
 67976 | Crypt:3  | Entered Level 3 of the Crypt
 68052 | Crypt:3  | Got a translucent buckler
 69077 | Crypt:3  | Found an ancient bone altar of Kikubaaqudgha.
 69080 | Crypt:3  | Noticed an ancient lich
 69090 | Crypt:3  | Noticed an ancient lich
 69099 | Crypt:3  | Killed an ancient lich
 69099 | Crypt:3  | Received a gift from Okawaru
 69099 | Crypt:3  | Reached skill level 5 in Summonings
 69107 | Crypt:3  | Killed an ancient lich
 69107 | Crypt:3  | Reached XP level 24. HP: 150/234 MP: 37/37
 69570 | Crypt:3  | Identified the Compendium of Necromancy
 69580 | Crypt:3  | Learned a level 8 spell: Necromutation
 70191 | Crypt:3  | Found a staircase to the Tomb.
 70903 | Lair:1   | Identified the +3 buckler of the Land of Plenty {rC++} (You found it on level 3 of the Crypt)
 71048 | Slime:1  | Entered Level 1 of the Pits of Slime
 71246 | Slime:6  | Entered Level 6 of the Pits of Slime
 71333 | Slime:6  | Gained mutation: You are very dopey. (Int -4) [a shining eye]
 71822 | Slime:6  | Noticed the Royal Jelly
 71832 | Slime:6  | Killed the Royal Jelly
 71832 | Slime:6  | Received a gift from Okawaru
 72317 | Slime:6  | Got a slimy rune of Zot
 72723 | Orc:2    | Bought a wand of digging (7/24) for 374 gold pieces
 73557 | Slime:6  | Got a serpentine graven amulet
 73558 | Slime:6  | Identified the amulet of the Lonely Lives {RegenMP Fragile Str+3 Slay+2 Stlth+} (You found it on level 6 of the Pits of Slime)
 73561 | Slime:6  | Identified Plog's Handbook of Doomed Air
 73572 | Slime:6  | Identified the Guide on Enchantment
 73970 | Depths:1 | Entered Level 1 of the Depths
 74622 | Depths:1 | Found a runed door.
 74650 | Depths:1 | Received a gift from Okawaru
 74671 | Depths:1 | Got a pair of spiked boots {god gift}
 74682 | Depths:1 | Identified the +2 pair of boots of Egalitarianism {rF- Str+3 Dex+3} (Okawaru gifted it to you on level 1 of the Depths)
 74795 | Depths:1 | Reached XP level 25. HP: 235/245 MP: 37/37
 74924 | Depths:1 | Found a gateway to Hell.
 75286 | Depths:2 | Noticed Wiglaf
 75289 | Depths:2 | Found an iron altar of Okawaru.
 75308 | Depths:2 | Killed Wiglaf
 75617 | Depths:2 | Found a one-way gate to the infinite horrors of the Abyss.
 75980 | Depths:2 | Found Aledwomp's Food Shop.
 76361 | Depths:2 | Got a pair of bloodstained boots
 76363 | Depths:2 | Got a distressingly furry hat
 76374 | Depths:2 | Identified the +2 pair of boots of the Stallion {-Cast rPois Int+3 Slay+3} (You found it on level 2 of the Depths)
 76384 | Depths:2 | Identified the +0 hat of Pandemonium {MP+9 Slay+2} (You found it on level 2 of the Depths)
 76571 | Depths:3 | Found a one-way gate leading to the halls of Pandemonium.
 77219 | Depths:3 | Noticed Mennas
 77233 | Depths:3 | Killed Mennas
 78273 | Depths:3 | Received a gift from Okawaru
 78583 | Depths:4 | Reached XP level 26. HP: 211/256 MP: 37/37
 78993 | Depths:4 | Noticed a juggernaut
 79002 | Depths:4 | Killed a juggernaut
 80136 | Depths:5 | Entered Level 5 of the Depths
 80355 | Depths:5 | Received a gift from Okawaru
 80665 | Depths:5 | Received a gift from Okawaru
 80668 | Depths:5 | Got a pair of encrusted gloves {god gift}
 80679 | Depths:5 | Identified the +0 pair of gloves of the Great Game {rF+ Str+2 Stlth+} (Okawaru gifted it to you on level 5 of the Depths)
 80736 | Depths:5 | Found a gate to the Realm of Zot.
 80812 | Depths:5 | Found a gateway to a ziggurat.
 81031 | Zig:1    | Entered Level 1 of a ziggurat
 81046 | Zig:1    | Got a glittering tin ring
 81050 | Zig:1    | Identified the cursed ring "Dile" {rPois rC- rN+ Int+3 Dex-2} (You found it on level 1 of a ziggurat)
 81054 | Zig:2    | Entered Level 2 of a ziggurat
 81073 | Zig:2    | Got an ancient platinum ring
 81074 | Zig:2    | Identified the ring "Ziecen" {rElec Int-4 SInv Stlth-} (You found it on level 2 of a ziggurat)
 81101 | Zig:3    | Entered Level 3 of a ziggurat
 81104 | Zig:3    | Noticed Such the pandemonium lord
 81119 | Zig:3    | Cast into level 5 of the Abyss (Such)
 81119 | Abyss:5  | Entered Level 5 of the Abyss
 81267 | Abyss:5  | Reached skill level 10 in Summonings
 81342 | Zig:3    | Escaped the Abyss
 81352 | Zig:3    | Killed Such the pandemonium lord
 81656 | Zig:4    | Entered Level 4 of a ziggurat
 81661 | Zig:4    | Noticed a greater mummy
 81670 | Zig:4    | Killed a greater mummy
 81696 | Zig:5    | Entered Level 5 of a ziggurat
 81732 | Zig:6    | Entered Level 6 of a ziggurat
 81736 | Zig:6    | Noticed Seblorur the pandemonium lord
 81744 | Zig:6    | Reached XP level 27. HP: 243/266 MP: 23/38
 81762 | Zig:6    | Killed Seblorur the pandemonium lord
 81898 | Zig:7    | Entered Level 7 of a ziggurat
 81945 | Zig:7    | Identified Dastuni's Collected Works on Noxious Malediction
 81949 | Zig:8    | Entered Level 8 of a ziggurat
 81972 | Zig:8    | Received a gift from Okawaru
 81993 | Zig:8    | Got a pitted bronze ring
 81994 | Zig:8    | Identified the ring "Ytibb" {+Inv rF- Str+8 Stlth+} (You found it on level 8 of a ziggurat)
 82245 | Zig:9    | Entered Level 9 of a ziggurat
 82322 | Zig:10   | Entered Level 10 of a ziggurat
 82494 | Zig:10   | Got an ancient swamp dragon armour
 82496 | Zig:10   | Identified the +0 swamp dragon armour "Vurasoga" {*Corrode rPois rN++ MP+9 Dex+3} (You found it on level 10 of a ziggurat)
 82519 | Zig:11   | Entered Level 11 of a ziggurat
 82561 | Zig:11   | Received a gift from Okawaru
 82986 | Zig:12   | Entered Level 12 of a ziggurat
 83238 | Zig:12   | Identified the Compendium of Lucky Enchantment
 83243 | Zig:12   | Got a shimmering morningstar
 83246 | Zig:12   | Got a polished morningstar
 83249 | Zig:12   | Got a sparkling golden ring
 83258 | Zig:12   | Identified the +8 morningstar of Courage {pain, rElec MP+9} (You found it on level 12 of a ziggurat)
 83259 | Zig:12   | Identified the +4 morningstar of Terror {pain, Dex+4} (You found it on level 12 of a ziggurat)
 83261 | Zig:12   | Identified the ring of Osemegen {SustAt Slay+3} (You found it on level 12 of a ziggurat)
 83264 | Zig:12   | Identified the Handbook of Feathers and Bewitchment (You found it on level 12 of a ziggurat)
 83272 | Zig:13   | Entered Level 13 of a ziggurat
 83291 | Zig:13   | Paralysed by a giant eyeball for 3 turns
 83411 | Zig:13   | Gained mutation: You tend to lose your temper in combat. [a shining eye]
 83412 | Zig:13   | Gained mutation: You occasionally shout uncontrollably at your foes. [a shining eye]
 83951 | Zig:13   | Identified the Volume of Harmful Creation (You found it on level 13 of a ziggurat)
 83977 | Zig:14   | Entered Level 14 of a ziggurat
 83993 | Zig:14   | Noticed an ancient lich
 84002 | Zig:14   | Received a gift from Okawaru
 84019 | Zig:14   | Killed an ancient lich
 84605 | Zig:14   | Got a coiled copper ring
 84606 | Zig:14   | Identified the ring "Trusted Companion" {rF+ rN+ Str-5 Dex+5 Stlth-} (You found it on level 14 of a ziggurat)
 84618 | Zig:14   | Got a shimmering large shield {god gift}
 84619 | Zig:14   | Identified the +2 large shield of Okawaru's Favour {rF+ rC+++ rN+ Stlth+} (Okawaru gifted it to you on level 14 of a ziggurat)
 84635 | Zig:14   | Got a wavering bone amulet
 84636 | Zig:14   | Identified the amulet of Pakellas's Envy {Gourm Int+2 SInv} (You found it on level 14 of a ziggurat)
 84658 | Zig:15   | Entered Level 15 of a ziggurat
 84673 | Zig:15   | Noticed a juggernaut
 84673 | Zig:15   | Noticed a juggernaut
 84674 | Zig:15   | Noticed a juggernaut
 84676 | Zig:15   | Noticed a juggernaut
 84682 | Zig:15   | Killed a juggernaut
 84682 | Zig:15   | Killed a juggernaut
 84685 | Zig:15   | Killed a juggernaut
 84708 | Zig:15   | Killed a juggernaut
 85119 | Zig:16   | Entered Level 16 of a ziggurat
 85708 | Zig:16   | Identified the Reference Book on the Compass and Calling
 85712 | Zig:16   | Got a bound ivory amulet
 85713 | Zig:16   | Identified the amulet "Wadoul" {Harm *Drain Int+2 SInv} (You found it on level 16 of a ziggurat)
 85734 | Depths:5 | Lost mutation: You tend to lose your temper in combat. [potion of cure mutation]
 85734 | Depths:5 | Lost mutation: You occasionally shout uncontrollably at your foes. [potion of cure mutation]
 85734 | Depths:5 | Lost mutation: You are very dopey. (Int -4) [potion of cure mutation]
 85734 | Depths:5 | Lost mutation: You are dopey. (Int -2) [potion of cure mutation]
 85739 | Depths:5 | Gained mutation: You are robust (+10% HP). [potion of beneficial mutation]
 85740 | Depths:5 | Gained mutation: Your muscles are strong. (Str +2) [potion of beneficial mutation]
 85741 | Depths:5 | Gained mutation: You are agile. (Dex +2) [potion of beneficial mutation]
 85742 | Depths:5 | Gained mutation: Your system is resistant to poisons. [potion of beneficial mutation]
 85743 | Depths:5 | Gained mutation: You have a pair of large horns on your head. [potion of beneficial mutation]
 86368 | Zot:1    | Entered Level 1 of the Realm of Zot
 86386 | Zot:1    | Received a gift from Okawaru
 86464 | Zot:1    | Identified the Handbook of Supportive Transmigration
 86468 | Zot:1    | Learned a level 2 spell: Shroud of Golubria
 86817 | Vaults:5 | Identified a +0 pair of boots of running (Okawaru gifted it to you on level 5 of the Vaults)
 89635 | Zot:3    | Received a gift from Okawaru
 89894 | Zot:3    | Received a gift from Okawaru
 90640 | Zot:4    | Reached skill level 27 in Fighting
 90640 | Zot:4    | Reached skill level 27 in Axes
 90769 | Zot:4    | Received a gift from Okawaru
 91683 | Zot:5    | Entered Level 5 of the Realm of Zot
 91784 | Zot:5    | Got a pair of translucent boots
 91785 | Zot:5    | Identified the +2 pair of boots of Hitusueq {rPois rC+ Int+9 Dex-3} (You found it on level 5 of the Realm of Zot)
 91866 | Zot:5    | Reached skill level 15 in Necromancy
 92784 | Zot:5    | Noticed an ancient lich
 92795 | Zot:5    | Killed an ancient lich
 92795 | Zot:5    | Received a gift from Okawaru
 92821 | Zot:5    | Noticed an orb of fire
 92835 | Zot:5    | Killed an orb of fire
 92971 | Zot:5    | Noticed an orb of fire
 92981 | Zot:5    | Killed an orb of fire
 93034 | Zot:5    | Noticed an ancient lich
 93039 | Zot:5    | Killed an ancient lich
 93212 | Zot:5    | Gained mutation: You expend magic power (3 MP) to strengthen your wands. [the power of Zot]
 93212 | Zot:5    | Gained mutation: Armour fits poorly on your strangely shaped body. [the power of Zot]
 93328 | Zot:5    | Noticed an ancient lich
 93341 | Zot:5    | Killed an ancient lich
 93536 | Zot:5    | Noticed an orb of fire
 93536 | Zot:5    | Lost mutation: You are robust (+10% HP). [an orb of fire]
 93544 | Zot:5    | Gained mutation: Scrolls take you a little longer to read. [an orb of fire]
 93551 | Zot:5    | Gained mutation: Your magical capacity is low (-10% MP). [an orb of fire]
 93557 | Zot:5    | Killed an orb of fire
 93885 | Zot:5    | Received a gift from Okawaru
 94318 | Zot:5    | Received a gift from Okawaru
 95268 | Depths:2 | Voluntarily entered the Abyss.
 95626 | Abyss:2  | Found a corrupted altar of Lugonu.
 95729 | Abyss:2  | Found a burning altar of Makhleb.
 95841 | Abyss:2  | Found a burning altar of Makhleb.
 96112 | Abyss:3  | Found a shattered altar of Ashenzari.
 96717 | Abyss:3  | Noticed an ancient lich
 96720 | Abyss:3  | Killed an ancient lich
 96765 | Abyss:3  | Gained mutation: You occasionally shout uncontrollably at your foes. [a neqoxec]
 96765 | Abyss:3  | Gained mutation: You tend to lose your temper in combat. [a neqoxec]
 96999 | Abyss:3  | Received a gift from Okawaru
 97560 | Abyss:3  | Lost mutation: Your muscles are strong. (Str +2) [a neqoxec]
 97588 | Abyss:3  | Gained mutation: You sometimes yell uncontrollably at your foes. [a neqoxec]
 98053 | Abyss:3  | Gained mutation: Scrolls take you longer to read. [a neqoxec]
 98054 | Abyss:3  | Gained mutation: You are occasionally teleported next to monsters. [a neqoxec]
 98057 | Abyss:3  | Gained mutation: You are weak. (Str -2) [a neqoxec]
 98584 | Abyss:3  | Received a gift from Okawaru
 98604 | Abyss:3  | Found a corrupted altar of Lugonu.
 98701 | Abyss:3  | Lost mutation: You are agile. (Dex +2) [a shining eye]
 98704 | Abyss:3  | Gained mutation: You often lose your temper in combat. [a shining eye]
 98705 | Abyss:3  | Gained mutation: Your body sometimes deteriorates upon taking damage. [a shining eye]
 98803 | Abyss:3  | Reached skill level 15 in Spellcasting
 99505 | Abyss:4  | Paralysed by accursed screaming for 1 turns
 99584 | Abyss:4  | Found a corrupted altar of Lugonu.
 99673 | Abyss:4  | Got an abyssal rune of Zot
100062 | Abyss:4  | HP: 10/273 [something (16)]
100064 | Abyss:4  | HP: 1/273 [white draconian monk/chilling blast[a shadow demon] (9)]
100067 | Abyss:4  | Paralysed by accursed screaming for 2 turns
100072 | Abyss:4  | Paralysed by accursed screaming for 2 turns
100084 | Depths:2 | Escaped the Abyss
100671 | Depths:2 | Upgraded the game from 0.18-a0-1794-g139b600 to 0.18-a0-1799-g6250cb2
100674 | Depths:2 | Upgraded the game from 0.18-a0-1799-g6250cb2 to 0.18-a0-1800-gdc7a371
100751 | Hell     | Entered the Vestibule of Hell
100751 | Hell     | Noticed Geryon
100760 | Hell     | Killed Geryon
100772 | Hell     | Reached skill level 1 in Translocations
100791 | Hell     | Noticed Murray
100813 | Hell     | Killed Murray
101425 | Hell     | Found a gateway to the freezing wastes of Cocytus.
101481 | Hell     | Found a gateway to the decaying netherworld of Tartarus.
101557 | Hell     | Found a gateway to the ashen valley of Gehenna.
101732 | Hell     | Found a gateway to the Iron City of Dis.
101737 | Dis:1    | Entered Level 1 of the Iron City of Dis
102832 | Dis:1    | Received a gift from Okawaru
103561 | Vaults:2 | Reached skill level 5 in Translocations
103994 | Tomb:1   | Entered Level 1 of the Tomb of the Ancients
104485 | Tomb:1   | Learned a level 4 spell: Summon Lightning Spire
104496 | Tomb:1   | Learned a level 5 spell: Summon Forest
104731 | Tomb:1   | Noticed a greater mummy
104766 | Tomb:1   | Killed a greater mummy
105154 | Tomb:1   | Noticed a greater mummy
105281 | Tomb:1   | Noticed a greater mummy
105295 | Tomb:1   | Killed a greater mummy
105297 | Tomb:1   | Noticed a greater mummy
105297 | Tomb:1   | Noticed a greater mummy
105305 | Tomb:1   | Noticed a greater mummy
105309 | Tomb:1   | Noticed a greater mummy
105311 | Tomb:1   | Killed a greater mummy
105314 | Tomb:1   | HP: 13/273 [emperor scorpion[a greater mummy] (7)]
105775 | Tomb:1   | Noticed a greater mummy
105775 | Tomb:1   | Noticed a greater mummy
105775 | Tomb:1   | Noticed a greater mummy
105781 | Tomb:1   | Noticed a greater mummy
105788 | Tomb:1   | Killed a greater mummy
105788 | Tomb:1   | Killed a greater mummy
106426 | Tomb:1   | Noticed a greater mummy
106426 | Tomb:1   | Noticed a greater mummy
106792 | Tomb:1   | Killed a greater mummy
107157 | Tomb:1   | Noticed a greater mummy
107173 | Tomb:1   | Killed a greater mummy
108761 | Dis:2    | Received a gift from Okawaru
111581 | Dis:5    | Noticed donomii's ghost (legendary GrCK)
111671 | Dis:5    | Killed donomii's ghost
111671 | Dis:5    | Received a gift from Okawaru
111693 | Dis:5    | Gained mutation: You are frail (-10% HP). [mutagenic glow]
111718 | Dis:5    | Got an encrusted crystal plate armour {god gift}
111723 | Dis:5    | Identified the +7 crystal plate armour "Cats" {MP+9 Int+9 Slay-5} (Okawaru gifted it to you on level 5 of the Iron City of Dis)
112507 | Dis:5    | Noticed a greater mummy
112626 | Dis:5    | Noticed a greater mummy
112632 | Dis:5    | Noticed a greater mummy
112649 | Dis:5    | Killed a greater mummy
112649 | Dis:5    | HP: 3/242 [emperor scorpion[a greater mummy] (22)]
112649 | Dis:5    | Slain by an emperor scorpion

Vault maps used:
D:1:      kilobyte_arrival_exit_the_forest, hangedman_decor_push,
          nrook_mini_vaults, minmay_misc_feat_encased
D:2:      kennysheep_small_spiral, uniq_iyjb, uniq_jessica
D:3:      ecumenical_altar_2, first_bread
D:5:      lemuel_crystal_altar, lemuel_doored_altar, abandoned_shop,
          cheibrodos_ashenzari_chains
D:6:      minmay_temple_entry_statues_pillars
D:7:      old_standard_altar, yredelemnul_altar_generic, basic_altar,
          sigmund_edmund_badplayer
D:8:      nicolae_qazlal_style_of_elements, nicolae_overflow_hidden_temple,
          minmay_lair_entry_lava, hangedman_tree_tricks
D:9:      minmay_flawed_box, lemuel_zombie_altar_kikubaaqudgha, kennysheep_mini,
          st_stairs_5, grunt_decor_one_mirror,
          gammafunk_pakellas_cloud_experiment, uniq_erica
D:10:     solitary_fountain, grunt_decor_clamped, minivault_4,
          minmay_statue_crystal_thing, uniq_fannar
D:11:     orc_0_dummy, enter_trove_0, uniq_psyche
D:13:     kennysheep_four_rooms
D:14:     david_vaults_3, minmay_beelzebubs_servants
D:15:     grunt_enter_depths_giant_problem, lemuel_round_altar
Temple:   chambers_temple_12
Lair:2:   beast_lair_carwin_8
Lair:3:   lab_entry_generic, grunt_megastairs_1
Lair:4:   elwin_shoals_entry_rocks, nicolae_spider_entry_non_spiders,
          basic_altar
Lair:5:   nicolae_volcano_entry_lava_flow
Lair:6:   slime_altar_1, nicolae_lair_grove_arrangements, st_stairs_9,
          uniq_josephine
Lair:7:   grunt_megastairs_3
Lair:8:   hangedman_lair_in_review, hangedman_lair_caniforms_friends,
          ice2_lemuel
Shoals:4: shoals_end_grunt_ice, shoal_ilsuiw, nicolae_shoals_wave_tunnel
Spider:2: nicolae_spider_webs_and_nodes
Spider:4: grunt_spider_rune_parallel, uniq_roxanne, uniq_arachne, uniq_asterion
Slime:2:  cheibrodos_slime_lost_civilization_7
Orc:1:    serial_shops, shop_fountains, uniq_erolcha
Orc:2:    st_orc_mages
Elf:1:    elf_arrival_001, minmay_elf_necromancy, serial_sigils_hangedman_gut
Elf:2:    basic_altar, serial_shops, nicolae_shop_trees
Elf:3:    elf_hall, serial_shops, nicolae_shop_trees, st_stairs_13
Vaults:1: ontoclasm_vaults_tryst, hangedman_vaults_stream,
          ontoclasm_vaults_twist, vaults_mumra_lcd, v_misc_1, st_eye,
          vaults_room_fours, v_misc_15, nicolae_vaults_alarming,
          nicolae_vaults_little_squares_6, serial_shops, statue_bzr
Vaults:2: v_misc_11, grunt_vaults_focal, hangedman_vaults_snaps,
          minmay_crypt_entry_vampire_xt, grunt_vaults_diagonal,
          nicolae_vaults_angled_halls, v_misc_13, vaults_dpeg_ring,
          ontoclasm_vaults_gallery, nicolae_vaults_diagonal_hallway_7,
          v_rooms_3, vaults_room_pool, v_misc_17, ontoclasm_vaults_pinch,
          uniq_nikola
Vaults:3: dpeg_vaults_waves, v_rooms_1, vaults_mumra_hex, v_misc_26,
          nicolae_vaults_little_squares_4, v_misc_27, hangedman_vaults_capsules,
          serial_shops, nicolae_shop_statue_plus, uniq_boris
Vaults:4: v_misc_24, v_misc_15, v_misc_10, grunt_vaults_swirl, v_rooms_4,
          vaults_room_fours, v_misc_11, nicolae_vaults_stairing_the_circle,
          ontoclasm_vaults_misaligned, nicolae_vaults_hallways_thing,
          grunt_vaults_hallway_short
Vaults:5: uniq_jorgrun
Crypt:1:  basic_altar, nicolae_crypt_small_crypt, uniq_frederick, uniq_mara
Crypt:2:  minmay_misc_feat_pillars, uniq_saint_roka, uniq_sojobo
Crypt:3:  quadcrypt_mu
Depths:1: pf_hell_entry_great_geh, st_stairs_9, lightli_gold_pyramid,
          grunt_megastairs_4
Depths:2: evilmike_iron_armoury, abyss_entry_glasseish, serial_shops, shop,
          pf_coc_iceberg, infiniplex_staircase_split_hallway
Depths:3: hangedman_six_sided_sadism, rand_demon_pan_entry_5, hell_entry,
          abyss_entry, hangedman_elemental_death_ray, serial_bayou_shore_b,
          infiniplex_staircase_zigzag_3, uniq_mennas
Depths:4: hangedman_cross_veins, hell_entry, abyss_entry_crystal,
          kennysheep_minor_cross, infiniplex_staircase_spiral
Depths:5: evilmike_zot_entry_diamond, enter_ziggurat_f, hell_entry,
          hangedman_abyss_entry_splay, rand_demon_pan_entry_3,
          serial_bayou_shore_b
Dis:5:    lemuel_mystery_crypt
Zot:1:    st_small_dragon_hoard_3
Zot:2:    kennysheep_blocky_room
Zot:3:    lemuel_baited_zot_trap, lemuel_elevator
Zot:4:    kennysheep_oblong_rooms, st_stairs_3, lemuel_elevator
Zot:5:    grunt_ministairs_9
Abyss:3:  evilmike_abyss_rune_tentacle_tunnel, abyss_exit_lava,
          evilmike_abyss_exit_10
Abyss:4:  nicolae_abyss_rune_containment_breach, abyss_exit_lava,
          hangedman_abyss_or_decor_jellyfish_corner
Abyss:5:  evilmike_abyss_rune_tso_outpost, evilmike_abyss_exit_14
Zig:4:    ziggurat_pillar_centre_c
Zig:9:    ziggurat_pillar_centre_smoke
Zig:11:   ziggurat_pillar_centre_dead_trees
Zig:13:   ziggurat_loot_2
Lab:      nicolae_lab_hexagon
Bazaar:   grunt_bazaar_doublecross
Volcano:  volcano_overflow

Skill      XL: |  1  2  3  4  5  6  7  8  9 10 11 12 13 14 15 16 17 18 19 20 21 22 23 24 25 26 27 |
---------------+----------------------------------------------------------------------------------+-----
Fighting       | 4 5 6 7 9 10 11 13 15 16 17 18 19 20 21 22 23 24 25 27 | 27.0
Armour         | 4 5 6 7 9 10 11 12 13 14 15 16 17 18 19 24 | 24.8
Axes           | 3 4 5 7 8 9 11 12 13 15 16 17 18 19 20 21 22 23 24 25 27 | 27.0
Shields        | 4 5 6 7 8 9 10 11 12 13 14 15 16 17 18 19 25 | 25.2
Spellcasting   | 1 2 3 4 5 6 7 8 9 10 11 12 16 | 16.2
Dodging        | 1 2 3 4 6 7 8 9 10 11 12 13 15 16 17 18 19 24 | 24.4
Necromancy     | 1 2 3 4 5 6 7 8 9 10 11 12 13 18 | 18.4
Invocations    | 2 4 |  4.0
Summonings     | 2 5 7 8 10 | 10.4
Translocations | 8 |  8.2

Action                   |  1- 3 |  4- 6 |  7- 9 | 10-12 | 13-15 | 16-18 | 19-21 | 22-24 | 25-27 || total
-------------------------+-------+-------+-------+-------+-------+-------+-------+-------+-------++-------
Melee: War axe           |   101 |   143 |   292 |   691 |       |       |       |       |       ||  1227
       Headbutt          |    12 |    21 |    64 |   216 |   412 |   303 |   222 |   382 |  1344 ||  2976
       Hand axe          |       |       |       |   210 |   838 |       |       |       |       ||  1048
       Executioner's axe |       |       |       |    55 |       |       |       |       |       ||    55
       Flail             |       |       |       |       |    38 |       |       |       |       ||    38
       Broad axe         |       |       |       |       |   506 |  1249 |   750 |  1262 |  4358 ||  8125
 Cast: Apportation       |       |       |       |       |       |       |     1 |       |       ||     1
       Regeneration      |       |       |       |       |       |       |       |       |   326 ||   326
       Shroud of Golubri |       |       |       |       |       |       |       |       |    33 ||    33
       Repel Missiles    |       |       |       |       |       |       |       |       |     6 ||     6
       Summon Lightning  |       |       |       |       |       |       |       |       |     2 ||     2
       Summon Forest     |       |       |       |       |       |       |       |       |     1 ||     1
Invok: Heroism           |       |       |       |     3 |     3 |     1 |     4 |     3 |    12 ||    26
       Finesse           |       |       |       |     2 |     2 |     2 |     4 |     3 |    17 ||    30
Evoke: Wand              |       |       |       |     1 |     3 |     1 |     2 |     6 |    36 ||    49
       Deck              |       |       |       |       |       |     1 |       |     1 |       ||     2
       Stone of tremors  |       |       |       |       |       |       |       |     1 |       ||     1
  Use: Scroll            |       |    10 |     4 |    15 |    12 |    24 |    10 |    23 |    50 ||   148
       Potion            |       |     1 |     5 |     7 |     9 |    14 |     6 |     3 |    29 ||    74
 Stab: Held in net/web   |       |       |       |       |       |     1 |       |       |       ||     1
       Invisible         |       |       |       |       |       |     2 |       |       |    12 ||    14
       Distracted        |       |       |       |       |       |       |     1 |       |     2 ||     3
       Confused          |       |       |       |       |       |       |       |       |     3 ||     3
       Petrifying        |       |       |       |       |       |       |       |       |     3 ||     3
  Eat: Chunk             |     1 |    19 |    18 |    43 |    45 |    41 |    30 |    10 |    23 ||   230
       Fruit             |       |       |     5 |       |       |       |       |    26 |    16 ||    47
       Beef jerky        |       |       |     1 |       |       |     1 |     4 |     6 |     6 ||    18
       Pizza             |       |       |       |       |       |     6 |       |       |     2 ||     8
       Meat ration       |       |       |       |       |       |       |       |     1 |    14 ||    15
       Royal jelly       |       |       |       |       |       |       |       |       |    13 ||    13
       Bread ration      |       |       |       |       |       |       |       |       |     6 ||     6
Armor: Scale mail        |    63 |     3 |       |       |     2 |       |       |       |       ||    68
       Chain mail        |       |    79 |   137 |   124 |       |       |       |       |       ||   340
       Plate armour      |       |       |       |   293 |    60 |       |       |       |       ||   353
       Gold dragon armou |       |       |       |       |   667 |   702 |   286 |   336 |  1519 ||  3510
       Skin              |       |       |       |       |       |       |       |       |    20 ||    20
Dodge: Dodged            |    40 |    36 |    95 |   334 |   373 |   439 |   221 |   300 |  1616 ||  3454
       Deflected         |       |       |       |       |       |       |       |       |    25 ||    25
Block: Shield            |    68 |    74 |   160 |   521 |   582 |   871 |   424 |   705 |  3324 ||  6729
       Buckler           |       |       |       |       |   111 |       |       |       |       ||   111
       Reflection        |       |       |       |       |       |   104 |    94 |    83 |   125 ||   406
